 Dungeon Crawl Stone Soup version 0.27-a0-291-gd9602db6ee (webtiles) character file.

Game seed: 16687836695456206443

90 KristoblXynda the Ducker (level 4, 0/34 HPs)
             Began as a Demonspawn Gladiator on Feb 9, 2021.
             Slain by Terence
             ... wielding a +0 flail
              (5 damage)
             ... on level 1 of the Dungeon.
             The game lasted 00:02:40 (2000 turns).

KristoblXynda the Ducker (Demonspawn Gladiator)     Turns: 2000, Time: 00:02:40

Health: 0/34       AC:  4    Str: 12    XL:     4   Next: 32%
Magic:  4/4        EV: 13    Int: 12    God:
Gold:   101        SH:  0    Dex: 15    Spells: 3/3 levels left

rFire    . . .     SeeInvis .   a - +0 war axe
rCold    . . .     Faith    .   (no shield)
rNeg     . . .     Spirit   .   b - +0 leather armour
rPois    +         Reflect  .   (helmet restricted)
rElec    .         Harm     .   (no cloak)
rCorr    .         Rampage  .   (no gloves)
Will     .....                  f - +0 pair of boots
Stlth    +.........             (no amulet)
HPRegen  0.11/turn              (no ring)
MPRegen  0.09/turn              (no ring)

@: brilliant
A: horns 1, poison resistance, weak 1, big brain 1
a: no special abilities


You were on level 1 of the Dungeon.
You visited 1 branch of the dungeon, and saw 2 of its levels.

You collected 101 gold pieces.

Inventory:

Hand Weapons
 a - a +0 war axe (weapon)
Missiles
 d - 2 throwing nets (quivered)
Armour
 b - a +0 leather armour (worn)
 f - a +0 pair of boots (worn)
Scrolls
 c - a scroll of random uselessness {unknown}
 e - a scroll of teleportation {unknown}
 g - 6 scrolls of remove curse
 i - a scroll of enchant weapon {unknown}
 k - a scroll of identify {unknown}


   Skills:
 + Level 2.8 Fighting
 + Level 3.2 Axes
 + Level 2.5 Throwing
 + Level 3.3 Dodging


You had 3 spell levels left.
You didn't know any spells.
Your spell library contained the following spells:

 Spells                   Type           Power        Failure   Level
 Confusing Touch          Hex            0%           77%         3
 Gell's Gravitas          Tloc           0%           77%         3
 Petrify                  Tmut/Erth      0%           99%         4
 Metabolic Englaciation   Hex/Ice        0%           100%        5
 Yara's Violent Unravell  Hex/Tmut       0%           100%        5


Dungeon Overview and Level Annotations

Branches:
Dungeon (2/15)

Altars:

Annotations:
D:1 Terence


Innate Abilities, Weirdness & Mutations

You have a pair of small horns on your head.
You have an unusually large brain. (Int +2)
Your system is resistant to poisons. (rPois)
You are weak. (Str -2)


Message History

Terence is caught in the net!
Terence is lightly wounded.
You slash Terence!
Terence is heavily wounded.
Terence struggles against the net. x2
You hit Terence.
Terence is severely wounded.
Terence struggles against the net.
You hit Terence.
Terence is almost dead.
Terence struggles against the net.
You hit Terence but do no damage.
Terence is almost dead.
Terence struggles against the net.
The net rips apart, and Terence comes free!
Terence barely misses you.
You barely miss Terence.
Terence is almost dead.
Terence hits you with a +0 flail.
You die...

.# #.##.##.#
#....... ##
#.##.##.#
###.####.#
#.##.##.#
#.....##..
#.#)..#.#
#.....##.#
#.......#
#.....##.#
####.####
#.....##.# #.#
#.....##.# #@#
########.. #@# #..
#.# ##### #####.
#.#####...# #...#.
#.........###...#.
#######...#......)
#...#.......
#...........
#######...## #...#


You could see Terence.

Vanquished Creatures
  Robin (D:2)
  3 oozes (D:1)
  2 dart slugs
  A leopard gecko (D:2)
  A ball python (D:1)
  3 bats
  4 giant cockroaches (D:1)
  9 hobgoblins
  2 jackals (D:2)
  6 kobolds
  A quokka (D:2)
  2 frilled lizards (D:1)
  15 goblins
  5 rats
55 creatures vanquished.

Notes
Turn   | Place    | Note
-------+----------+-------------------------------------------
     0 | D:1      | KristoblXynda the Demonspawn Gladiator began the quest for
                  | the Orb.
     0 | D:1      | Reached XP level 1. HP: 16/16 MP: 1/1
   305 | D:1      | Gained mutation: You have a pair of small horns on your
                  | head. [demonic ancestry]
   305 | D:1      | Reached XP level 2. HP: 17/22 MP: 2/2
   597 | D:1      | Gained mutation: You have an unusually large brain. (Int
                  | +2) [demonic ancestry]
   597 | D:1      | Reached XP level 3. HP: 25/28 MP: 3/3
  1389 | D:2      | Noticed Robin
  1401 | D:2      | Killed Robin
  1402 | D:2      | Reached XP level 4. HP: 8/34 MP: 4/4
  1959 | D:2      | Noticed Terence
  1983 | D:1      | Gained mutation: You are weak. (Str -2) [potion of
                  | mutation]
  1983 | D:1      | Gained mutation: Your system is resistant to poisons.
                  | (rPois) [potion of mutation]
  2000 | D:1      | Slain by Terence

Illustrated notes

Levels and vault maps discovered:
D:1:      minmay_arrival_three_doors, layout_loops_cross,
          hangedman_abyss_or_decor_lesser_grid
D:2:      layout_basic, uniq_robin, uniq_terence

Skill      XL: |  1  2 |
---------------+-------+-----
Throwing       | 2 |  2.5
Dodging        | 3 |  3.3
Axes           | 3 |  3.2
Fighting       | |  2.8

Action                   |  1- 3 |  4- 6 || total
-------------------------+-------+-------++-------
Melee: War axe           |    82 |    30 ||   112
       Headbutt          |     8 |     4 ||    12
Throw: Throwing net      |       |     1 ||     1
  Use: Scroll            |     1 |       ||     1
       Potion            |     1 |     2 ||     3
Armor: Leather armour    |    27 |     7 ||    34
Dodge: Dodged            |    59 |    30 ||    89

Table legend: (Time is in decaauts)
 A = Elapsed time spent in this place.
 B = Non-inter-level travel time spent in this place.
 C = Inter-level travel time spent in this place.
 D = Time resting spent in this place.
 E = Time spent auto-exploring this place.
 F = Levels seen in this place.
 G = Mean time per level.
                   A        B        C        D        E       F      G
               +--------+--------+--------+--------+--------+-----+--------+
         Total |   2051 |   2016 |     35 |    460 |   1204 |   2 | 1025.5 |
       Dungeon |   2051 |   2016 |     35 |    460 |   1204 |   2 | 1025.5 |
               +--------+--------+--------+--------+--------+-----+--------+

Top non-repeatable levels by time:
     D:1: 1410 daAuts
     D:2: 640 daAuts
